 Dungeon Crawl Stone Soup version 0.17-a0-1899-ge84b1df (webtiles) character file.

139 Gargoyl the Skirmisher (level 5, -4/42 HPs)
             Began as a Demonspawn Abyssal Knight on Sept 24, 2015.
             Was a Believer of Lugonu.
             Killed from afar by an orc wizard (10 damage)
             ... with a puff of flame
             ... on level 3 of the Dungeon.
             The game lasted 00:05:22 (2664 turns).

Gargoyl the Skirmisher (Demonspawn Abyssal Knight)  Turns: 2664, Time: 00:05:22

Health: -4/42      AC:  9    Str: 13    XL:     5   Next: 1%
Magic:  7/7        EV: 15    Int: 13    God:    Lugonu [**....]
Gold:   101        SH:  0    Dex: 18    Spells: 0 memorised, 4 levels left

rFire  . . .     SeeInvis .     a - +2 hand axe
rCold  . . .     Clarity  .     e - +1 scale mail
rNeg   . . .     SustAt   .     (no shield)
rPois  .         Gourm    .     j - +0 helmet
rElec  .         Spirit   .     (no cloak)
rCorr  .         Warding  .     (no gloves)
rMut   .         Stasis   .     (no boots)
MR     .....                    (no amulet)
Stlth  +.........               (no ring)
                                (no ring)

@: agile, not resistant to hostile enchantments, very unstealthy
A: claws 2, icy blue scales 1, powered by pain 1
a: Depart the Abyss, Bend Space, Renounce Religion


You were on level 3 of the Dungeon.
You worshipped Lugonu.
Lugonu was pleased with you.
You were not hungry.

You visited 1 branch of the dungeon, and saw 3 of its levels.
You visited the Abyss 1 time.

You collected 101 gold pieces.

Inventory:

Hand weapons
 a - a +2 hand axe (weapon)
Armour
 e - a +1 scale mail (worn)
 j - a +0 helmet (worn)
Scrolls
 b - a scroll of fear
 f - 2 scrolls of teleportation
 g - a scroll of remove curse
 i - a scroll of magic mapping
Potions
 d - 2 potions of agility
 h - a potion of might {unknown}
 k - 2 potions of ambrosia {unknown}
 n - a potion of invisibility {unknown}
 o - a potion of curing {unknown}
Comestibles
 c - 2 bread rations
 m - a meat ration


   Skills:
 + Level 3.8 Fighting
 + Level 2.6 Axes
 + Level 2.7 Armour
 + Level 2.1 Dodging
 + Level 2.9 Invocations


You had 4 spell levels left.
You didn't know any spells.

Dungeon Overview and Level Annotations

Branches:
Dungeon (3/15)

Altars:


Innate Abilities, Weirdness & Mutations

You have very sharp fingernails.
You are partially covered in icy blue scales (AC +1).
You sometimes gain a little power by taking damage.


Message History

You hit something but do no damage. Something hits you but does no damage.
You closely miss something. Something hits you but does no damage.
You barely miss something.
You hear some strange, mumbled words.
A puff of flame appears from out of thin air!
The puff of flame hits you!
* * * LOW HITPOINT WARNING * * *
You closely miss something. Something hits you but does no damage.
Drink which item? (? for menu, Esc to quit)
It was a potion of agility.
You feel agile all of a sudden. Something hits you but does no damage.
You hit something. Something hits you but does no damage.
You miss something. Something barely misses you.
Something hits you but does no damage.
You barely miss something.
You hear some strange, mumbled words.
A puff of flame appears from out of thin air!
The puff of flame hits you!
You die...

#..[# .# #...# #.# #...#
#.# #...# #.##### #...#
#......
####...#########....#
.....†...........##.##..
..............)){.......
.........>......@##.##.
####...#######..........
#...# #..###.#### #...#
#..# # #...# #..# #...#
#.!. ##.# ..


There were no monsters in sight!

Vanquished Creatures
  Natasha (D:1)
  Robin (D:2)
  3 adders
  An ooze (D:1)
  A worm (D:2)
  2 giant geckos
  4 orcs (D:3)
  3 ball pythons
  3 bats
  A giant cockroach (D:1)
  4 hobgoblins
  5 jackals
  A quokka (D:2)
  3 giant newts
  17 goblins
  11 kobolds
  5 rats
66 creatures vanquished.

Notes
Turn   | Place    | Note
--------------------------------------------------------------
     0 | Abyss:1  | Gargoyl the Demonspawn Abyssal Knight began the quest for the Orb.
     0 | Abyss:1  | Reached XP level 1. HP: 18/18 MP: 2/2
   119 | D:1      | Escaped the Abyss
   402 | D:1      | Acquired Lugonu's first power
   567 | D:1      | Gained mutation: You have sharp fingernails. [demonic ancestry]
   567 | D:1      | Reached XP level 2. HP: 20/24 MP: 3/3
   747 | D:1      | Reached skill level 1 in Dodging
  1064 | D:1      | Gained mutation: You have very sharp fingernails. [demonic ancestry]
  1064 | D:1      | Reached XP level 3. HP: 27/29 MP: 5/5
  1155 | D:2      | Noticed Natasha
  1332 | D:1      | Killed Natasha
  1515 | D:2      | Noticed Robin
  1526 | D:1      | Acquired Lugonu's second power
  1625 | D:2      | Gained mutation: You sometimes gain a little power by taking damage. [demonic ancestry]
  1625 | D:2      | Reached XP level 4. HP: 30/35 MP: 6/6
  1640 | D:2      | Killed Robin
  2646 | D:3      | Gained mutation: You are partially covered in icy blue scales (AC +1). [demonic ancestry]
  2646 | D:3      | Reached XP level 5. HP: 23/42 MP: 7/7
  2664 | D:3      | Killed from afar by an orc wizard

Vault maps used:
D:1:      dpeg_arrival_windows_large_door, serial_glass, glass_columns_a,
          glass_columns_a, glass_columns_c, glass_columns_b, glass_columns_b,
          glass_columns_b, glass_columns_b, glass_columns_a,
          due_unseen_surprise, feat_on_display, item_on_display_a,
          minmay_stone_trees_small
D:2:      uniq_natasha, uniq_robin
D:3:      nicolae_overflow_crystal_walls, first_bread

Action                   |  1- 3 |  4- 6 || total
-------------------------+-------+-------++-------
Melee: Hand axe          |   103 |   127 ||   230
Invok: Depart the Abyss  |     1 |       ||     1
  Use: Scroll            |     4 |     2 ||     6
       Potion            |       |     1 ||     1
  Eat: Bread ration      |     1 |     1 ||     2
